 Dungeon Crawl Stone Soup version 0.29.1-12-g30fa7ad0bf (webtiles) character file.

Game seed: 6185483251388986994

3353 soggyman666 the Cleaver (level 10, -2/60 HPs)
             Began as a Gargoyle Fighter on Dec 25, 2022.
             Was an Initiate of Ashenzari.
             Slain by a six-headed hydra (3 damage)
             ... on level 8 of the Dungeon.
             The game lasted 00:20:55 (9150 turns).

soggyman666 the Cleaver (Gargoyle Fighter)          Turns: 9150, Time: 00:20:56

Health: -2/60      AC: 19    Str: 24    XL:     10   Next: 3%
Magic:  10/10      EV:  8    Int:  9    God:    Ashenzari [......]
Gold:   755        SH:  4    Dex:  9    Spells: 9/9 levels left

rFire   . . .      SeeInvis .   i - +5 mace (venom)
rCold   . . .      Faith    .   c - +0 buckler
rNeg    + . .      Spirit   .   F - +0 chain mail
rPois   ∞          Reflect  .   (no helmet)
rElec   +          Harm     .   (no cloak)
rCorr   +          Rampage  .   k - +0 pair of gloves
Will    .....                   (no boots)
Stlth   ..........              (no amulet)
HPRegen 0.20/turn               D - ring of resist corrosion
MPRegen 0.12/turn               (no ring)

@: no status effects
A: sickness immunity, AC +7, negative energy resistance 1, electricity
resistance, torment resistance 1, petrification resistance
a: Renounce Religion, Curse Item


You were on level 8 of the Dungeon.
You worshipped Ashenzari.
Ashenzari was noncommittal.
You visited 2 branches of the dungeon, and saw 9 of its levels.
You also visited: Sewer and Ossuary.

You collected 755 gold pieces.

Inventory:

Hand Weapons
 a - a +0 spectral war axe
 b - a +0 war axe of draining
 i - a +5 mace of venom (weapon)
 z - a +0 war axe of chaos
 E - the +2 whip of Fiawn {freeze, Dex+5}
   (You found it on level 7 of the Dungeon)

   It freezes those it strikes, dealing additional cold damage.
   It can also slow down cold-blooded creatures.
   Dex:       It affects your dexterity (+5).
Armour
 c - a +0 buckler (worn)
 k - a +0 pair of gloves (worn)
 F - a +0 chain mail (worn)
Jewellery
 D - a ring of resist corrosion (left hand)
Wands
 p - a wand of flame (25) (quivered)
 y - a wand of iceblast (18)
Scrolls
 f - 4 scrolls of teleportation
 s - 2 scrolls of summoning {unknown}
 t - 4 scrolls of blinking
 v - a scroll of torment {unknown}
 x - a scroll of amnesia {unknown}
 B - a scroll of vulnerability {unknown}
 C - a scroll of silence {unknown}
 G - a scroll of acquirement {unknown}
 H - a scroll of enchant armour {unknown}
Potions
 d - 5 potions of might
 e - 6 potions of heal wounds
 g - 7 potions of curing
 h - a potion of lignification {unknown}
 j - 2 potions of berserk rage {unknown}
 l - 2 potions of cancellation
 n - 4 potions of invisibility {unknown}
 o - 2 potions of haste {unknown}
 q - a potion of resistance {unknown}
 r - a potion of ambrosia {unknown}
 u - 2 potions of attraction {unknown}
 w - 3 potions of degeneration {unknown}
 A - 3 potions of brilliance {unknown}


   Skills:
 + Level 6.1 Fighting
 + Level 8.2 Axes
 + Level 0.8(5.6) Maces & Flails
 + Level 7.8 Armour
 + Level 2.3 Dodging
 - Level 0.2 Stealth
 + Level 4.9 Shields
 * Level 4.6 Evocations


You had 9 spell levels left.
You didn't know any spells.
Your spell library contained the following spells:

 Spells                   Type           Power      Damage    Failure   Level
 Sandblast                Erth           0%         2d4       97%         1
 Shock                    Conj/Air       0%         1d3       97%         1
 Blink                    Tloc           0%         N/A       99%         2
 Passwall                 Tmut/Erth      0%         N/A       99%         2
 Static Discharge         Conj/Air       0%         3-3/arc   99%         2
 Confusing Touch          Hex            0%         N/A       100%        3
 Gell's Gravitas          Tloc           0%         N/A       100%        3
 Lesser Beckoning         Tloc           0%         N/A       100%        3
 Stone Arrow              Conj/Erth      0%         3d7       100%        3
 Swiftness                Air            0%         N/A       100%        3
 Teleport Other           Tloc           0%         N/A       100%        3
 Airstrike                Air            0%         2d(0-16)  100%        4
 Passage of Golubria      Tloc           0%         N/A       100%        4
 Petrify                  Tmut/Erth      0%         N/A       100%        4
 Irradiate                Conj/Tmut      0%         3d11      100%        5
 Lightning Bolt           Conj/Air       0%         1d11      100%        5
 Manifold Assault         Tloc           0%         N/A       100%        5
 Yara's Violent Unravell  Hex/Tmut       0%         3d3       100%        5
 Enfeeble                 Hex            0%         N/A       100%        7
 Malign Gateway           Summ/Tloc      0%         N/A       100%        7
 Storm Form               Tmut/Air       0%         N/A       100%        7
 Maxwell's Capacitive Co  Air            0%         ∞         100%        8
 Sublimation of Blood     Necr           Unusable   N/A       N/A         2

Dungeon Overview and Level Annotations

Branches:
Dungeon (8/15)             Temple (1/1) D:6           Sewer (visited)
Ossuary (visited)
   Lair: D:8-11

Altars:
Ashenzari
Cheibriados
Dithmenos
Elyvilon
Fedhas
Gozag
Hepliaklqana
Kikubaaqudgha
Makhleb
Nemelex Xobeh
Okawaru
Qazlal
Ru
Sif Muna
Vehumet
Xom
Yredelemnul
Zin
The Shining One


Innate Abilities, Weirdness & Mutations

You are immune to sickness and miasma.
Your stone body is resilient. (AC +7)
You are immune to poison.
You resist negative energy. (rN+)
You are resistant to electric shocks. (rElec)
You are resistant to unholy torment.
You are immune to petrification.


Message History

The six-headed hydra bites you but does no damage. x2
The six-headed hydra bites you! x2
The six-headed hydra bites you but does no damage.
You block the six-headed hydra's attack.
You hit the six-headed hydra.
The six-headed hydra is heavily wounded.
The six-headed hydra bites you. The six-headed hydra bites you!
The six-headed hydra bites you but does no damage.
The six-headed hydra bites you.
The six-headed hydra bites you but does no damage.
The six-headed hydra bites you!
Unknown command.
You hit the six-headed hydra.
The six-headed hydra is heavily wounded.
A nearby plant withers and dies.
An electric eel comes into view.
The six-headed hydra bites you but does no damage. x2
The six-headed hydra bites you.
* * * LOW HITPOINT WARNING * * *
The six-headed hydra barely misses you. x2
The six-headed hydra bites you but does no damage.
You thump the six-headed hydra!
The six-headed hydra is severely wounded.
You block the six-headed hydra's attack.
The six-headed hydra bites you but does no damage. x3
The six-headed hydra bites you.
* * * LOW HITPOINT WARNING * * *
The six-headed hydra bites you but does no damage.
An electric eel comes into view. x2
You thump the six-headed hydra!
The six-headed hydra is severely wounded.
The six-headed hydra bites you.
* * * LOW HITPOINT WARNING * * *
The six-headed hydra bites you but does no damage.
The six-headed hydra bites you!
* * * LOW HITPOINT WARNING * * *
The six-headed hydra barely misses you.
The six-headed hydra closely misses you.
The six-headed hydra bites you.
You die...

##...##.......~~.♣
.
######.....~~~~.~
#......~~~~.~.
#.......~≈~~P.
#......~~≈≈~~.
######......~~≈~~♣
.............~~~~~
##........~.P~~~
#P~.♣@...P~~~P~P
♣~~.~D##.#.~~~..
♣~~~.~~♣#...♣.P..
.P~~~.~~~♣########
.PPP~.~~~~
.~P~~.~S~~#
.♣P~~.~~~~#
..♣♣S.~SPP# #.
♣~.~~~##


You could see a six-headed hydra and 3 electric eels.

Vanquished Creatures
  Pikel (D:5)
  Grinder (D:5)
  Prince Ribbit (D:6)
  Eustachio (D:5)
  A water moccasin (D:6)
  An acid dragon (D:8)
  2 orc warriors
  2 sky beasts
  A black bear (D:6)
  A phantom (D:7)
  2 lemures (D:5)
  A kobold brigand (D:6)
  4 bullfrogs
  2 scorpions
  3 wights (D:8)
  2 howler monkeys (D:6)
  A crimson imp (D:7)
  2 gnoll boudas (D:8)
  2 hounds (D:7)
  4 jellies
  An orc priest (D:8)
  5 orc wizards
  An iguana (D:6)
  8 mummies (Ossuary)
  4 gnolls
  16 adders
  8 river rats
  2 shadow imps
  An ufetubus (D:5)
  2 worms
  2 dart slugs
  7 orcs
  10 endoplasms
  5 giant cockroaches
  3 goblins
  9 hobgoblins
  A jackal (D:4)
  3 quokkas
  21 ball pythons
  12 bats
  7 frilled lizards
  A gnoll zombie (Ossuary)
  2 hobgoblin zombies (Ossuary)
  11 kobolds
  A kobold zombie (Ossuary)
  5 orc zombies
  38 rats
  A rat zombie (D:8)
  A spectral orc (D:5)
223 creatures vanquished.

Vanquished Creatures (others)
  34 plants (D:8)
34 creatures vanquished.

Grand Total: 257 creatures vanquished

Notes
Turn   | Place    | Note
-------+----------+-------------------------------------------
     0 | D:1      | soggyman666 the Gargoyle Fighter began the quest for the
                  | Orb.
     0 | D:1      | Reached XP level 1. HP: 14/14 MP: 1/1
   234 | D:1      | Reached XP level 2. HP: 19/19 MP: 2/2
   545 | D:1      | Reached skill level 2 in Axes
   765 | D:1      | Reached XP level 3. HP: 23/23 MP: 3/3
   805 | D:1      | Found a faded altar of an unknown god.
  1376 | D:2      | Reached XP level 4. HP: 28/28 MP: 4/4
  2006 | D:2      | Reached skill level 3 in Axes
  2324 | D:3      | Reached XP level 5. HP: 25/32 MP: 5/5
  2533 | D:3      | Found a white marble altar of Elyvilon.
  2619 | D:3      | Found a hazy altar of Hepliaklqana.
  2992 | D:4      | Found a shimmering blue altar of Sif Muna.
  3030 | D:4      | Reached skill level 1 in Dodging
  3033 | D:4      | Found a glowing drain.
  3041 | Sewer    | Entered a sewer
  3140 | Sewer    | Reached XP level 6. HP: 38/38 MP: 6/6
  3384 | Sewer    | Reached skill level 4 in Axes
  3389 | Sewer    | Reached skill level 5 in Armour
  3502 | Sewer    | Reached XP level 7. HP: 36/43 MP: 7/7
  3726 | D:4      | Found a glowing golden altar of the Shining One.
  4021 | D:4      | Found a sparkling altar of Nemelex Xobeh.
  4195 | D:4      | Reached skill level 5 in Axes
  4652 | D:5      | Entered Level 5 of the Dungeon
  4659 | D:5      | Noticed Pikel
  4974 | D:5      | Killed Pikel
  4975 | D:5      | Reached XP level 8. HP: 44/48 MP: 8/8
  5128 | D:5      | Noticed Grinder
  5133 | D:5      | Noticed Eustachio
  5135 | D:5      | Killed Grinder
  5136 | D:5      | Reached skill level 6 in Axes
  5143 | D:5      | Killed Eustachio
  5400 | D:5      | Found a basalt altar of Yredelemnul.
  5484 | D:6      | Noticed Prince Ribbit
  5489 | D:6      | Reached skill level 5 in Fighting
  5725 | D:6      | Killed Prince Ribbit
  5726 | D:6      | Reached XP level 9. HP: 22/54 MP: 9/9
  5899 | D:6      | Reached skill level 7 in Axes
  5953 | D:6      | Found a staircase to the Ecumenical Temple.
  5971 | Temple   | Entered the Ecumenical Temple
  6225 | D:6      | Identified the +8 quarterstaff of Beastly Integrity
                  | {vorpal, rF+ Str-4 Dex+7}
  6544 | D:6      | Got the Book of Shifting Metal
  7205 | D:7      | Identified the +2 whip of Fiawn {freeze, Dex+5}
  7258 | D:7      | Found a broken altar of Ashenzari.
  7284 | D:7      | Became a worshipper of Ashenzari the Shackled
  7319 | D:7      | Identified the +7 spear "Kouhaow" {holy, rElec rC++ Int-5
                  | SInv}
  7345 | D:7      | Found a burning altar of Makhleb.
  7512 | D:7      | Found a stormy altar of Qazlal.
  7799 | D:8      | Found a sand-covered staircase.
  7816 | Ossuary  | Entered an ossuary
  8355 | D:8      | Found a sacrificial altar of Ru.
  8355 | D:8      | Found a glowing silver altar of Zin.
  8822 | D:8      | Reached skill level 8 in Axes
  8914 | D:8      | Reached XP level 10. HP: 28/60 MP: 10/10
  9142 | D:8      | Noticed a six-headed hydra
  9150 | D:8      | HP: 1/60 [six-headed hydra (9)]
  9150 | D:8      | Slain by a six-headed hydra

Illustrated notes

Levels and vault maps discovered:
D:1:      dpeg_arrival_simpleton_a, layout_basic,
          hellmonk_ecumenical_altar_run_dry, minmay_pentomino_z4
D:2:      layout_basic, serial_corexii_hall, corexii_hall_statues_s,
          corexii_hall_statues_i, kennysheep_generic_room_3
D:3:      kennysheep_big_flooded_room, layout_basic, elyvilon_altar_3,
          worldfamousw_hep_ancestral_shrine
D:4:      minmay_clustersquares, layout_basic, nemelex_spade_bored_becter,
          overflow_temple_1_default, lemuel_round_altar, portal_sewer_entry_e,
          minivault_5, glass_columns_a
D:5:      layout_cave_pools, yredelemnul_forgotten_temple_becter,
          chequers_serial_rivers_small_a, uniq_grinder, uniq_pikel,
          uniq_eustachio
D:6:      layout_loops_cross, minmay_temple_entry_butterflies,
          kennysheep_generic_room_12, uniq_prince_ribbit1
D:7:      layout_basic, mainiacjoe_overflow_catwalk, makhleb_grotto_becter,
          nicolae_qazlal_style_of_elements
D:8:      layout_gridville, jmf_multi_god_temple, serial_bayou,
          serial_bayou_pond_a, serial_bayou_ford_a, serial_bayou_pond_b,
          serial_bayou_lagoon_b, serial_bayou_lake_a, serial_bayou_pond_b,
          enter_ossuary_3, grunt_ogre_cave
Temple:   nicolae_temple_colour_theory

Skill      XL: |  1  2  3  4  5  6  7  8  9 |
---------------+----------------------------+-----
Axes           | 2 3 4 5 6 8 |  8.2
Armour         | 4 5 6 7 |  7.8
Dodging        | 1 2 |  2.3
Shields        | 4 |  4.9
Fighting       | 4 5 6 |  6.1
Evocations     | 2 3 4 |  4.6
Maces & Flails | |  0.8
Stealth        | |  0.2

Action                   |  1- 3 |  4- 6 |  7- 9 | 10-12 || total
-------------------------+-------+-------+-------+-------++-------
Melee: War axe           |   122 |   125 |   256 |     8 ||   511
       Mace              |       |       |    18 |     4 ||    22
Evoke: Wand              |       |       |     2 |     2 ||     4
  Use: Scroll            |     4 |     6 |     9 |       ||    19
 Stab: Distracted        |       |       |     1 |       ||     1
       Paralysed         |       |       |     1 |       ||     1
       Confused          |       |       |     1 |       ||     1
Armor: Scale mail        |    76 |    58 |   124 |       ||   258
       Chain mail        |       |       |    17 |    18 ||    35
Dodge: Dodged            |    80 |    68 |   108 |    12 ||   268
Block: Buckler           |    37 |    22 |    48 |     6 ||   113
